 Dungeon Crawl Stone Soup version 0.19-a0-1878-gcbc8a98 (webtiles) character file.

245 PurpleRed the Firebug (level 5, -1/38 HPs)
             Began as a Demigod Fire Elementalist on Oct 13, 2016.
             Slain by a bullfrog skeleton (3 damage)
             ... on level 4 of the Dungeon.
             The game lasted 00:09:41 (1122 turns).

PurpleRed the Firebug (Demigod Fire Elementalist)   Turns: 1122, Time: 00:09:42

Health: -1/38      AC:  5    Str: 16    XL:     5   Next: 53%
Magic:  4/12       EV: 13    Int: 21    God:
Gold:   145        SH:  0    Dex: 16    Spells: 3 memorised, 3 levels left

rFire  . . .     SeeInvis .     p - +1 falchion
rCold  . . .     Gourm    .     a - +0 robe
rNeg   . . .     Faith    .     (no shield)
rPois  +         Spirit   .     g - +1 helmet
rElec  .         Dismiss  .     (no cloak)
rCorr  .         Reflect  .     n - +0 pair of gloves
MR     .....     Harm     .     (no boots)
Stlth  ++........               (no amulet)
                                o - ring of flight
                                i - ring of poison resistance

@: mighty, lethally poisoned (-1 -> -6), hasted, very quick
A: high mp 1
a: Evoke Flight


You were on level 4 of the Dungeon.
You were not hungry.

You visited 1 branch of the dungeon, and saw 7 of its levels.

You collected 145 gold pieces.

Inventory:

Hand Weapons
 d - a +0 whip
 p - a +1 falchion (weapon)
Missiles
 l - 6 poisoned javelins (quivered)
Armour
 a - a +0 robe (worn)
 g - a +1 helmet (worn)
 n - a +0 pair of gloves (worn)
 s - a +1 hat
Jewellery
 i - a ring of poison resistance (left hand)
 o - a ring of flight (right hand)
Scrolls
 h - a scroll of amnesia
 k - a scroll of remove curse
Potions
 e - 3 potions of brilliance
Books
 b - a book of Flames

   Spells                             Type                      Level
   a - Flame Tongue                   Conjuration/Fire             1
   b - Throw Flame                    Conjuration/Fire             2
   c - Conjure Flame                  Conjuration/Fire             3
   d - Inner Flame                    Hexes/Fire                   3
   e - Sticky Flame                   Conjuration/Fire             4
   f - Fireball                       Conjuration/Fire             5
Comestibles
 c - 2 bread rations
 f - a beef jerky
 j - a meat ration
 m - 2 fruits


   Skills:
 - Level 2.0 Dodging
 - Level 1.7 Stealth
 + Level 3.1 Spellcasting
 + Level 3.0 Conjurations
 + Level 4.1 Fire Magic


You had 3 spell levels left.
You knew the following spells:

 Your Spells              Type           Power        Failure   Level  Hunger
a - Flame Tongue          Conj/Fire      ###..        3%          1    None
b - Throw Flame           Conj/Fire      ###...       6%          2    ##.....
c - Sticky Flame          Conj/Fire      ###.....     34%         4    ####...


Dungeon Overview and Level Annotations

Branches:
Dungeon (7/15)             Temple (0/1) D:4

Shops:
D:5 %

Annotations:
D:5 jimeh's ghost, amateur TrMo
D:6 Dowan; Duvessa


Innate Abilities, Weirdness & Mutations

You have an increased reservoir of magic. (+10% MP)


Message History

You closely miss the orc priest.
The bullfrog skeleton hits you but does no damage.
The scorpion stings you but does no damage.
The orc priest looks encouraged for a moment.
The bullfrog skeleton misses you.
You slash the orc priest!
The orc priest is severely wounded.
The bullfrog skeleton barely misses you.
The scorpion stings you.
* * * LOW HITPOINT WARNING * * *
You are lethally poisoned!
The scorpion poisons you!
The orc priest hits you but does no damage.
The bullfrog skeleton barely misses you.
It was a potion of haste.
You feel yourself speed up.
* * * LOW HITPOINT WARNING * * *
You feel sick. The scorpion barely misses you.
The orc priest hits you but does no damage.
The bullfrog skeleton hits you.
You die...

#.........!..#
#............#
#######......#
#......#
#......#
#......#
#......#
##s##### #@#
......oZ#
........#
........#
..>.....#
........#
.......?#
........#


You could see a scorpion, an orc priest and a bullfrog skeleton.

Vanquished Creatures
  An ogre (D:5)
  A howler monkey (D:4)
  2 worker ants (D:5)
  A hound skeleton (D:5)
  3 adders
  A worm (D:3)
  2 orcs (D:4)
  2 giant cockroaches
  2 goblins
  2 hobgoblins
  4 jackals (D:1)
  4 kobolds
  3 quokkas
  A bat (D:2)
  A frilled lizard (D:1)
  A quokka zombie (D:6)
  3 rats
34 creatures vanquished.

Notes
Turn   | Place    | Note
-------+----------+-------------------------------------------
     0 | D:1      | PurpleRed the Demigod Fire Elementalist began the quest for the Orb.
     0 | D:1      | Reached XP level 1. HP: 14/14 MP: 5/5
    17 | D:1      | Reached skill level 1 in Conjurations
   124 | D:1      | Reached XP level 2. HP: 7/20 MP: 0/7
   165 | D:2      | Learned a level 2 spell: Throw Flame
   304 | D:2      | Found a hazy altar of Hepliaklqana.
   343 | D:2      | Reached skill level 3 in Fire Magic
   390 | D:2      | Found a stormy altar of Qazlal.
   390 | D:2      | Found a radiant altar of Vehumet.
   473 | D:3      | Reached XP level 3. HP: 26/26 MP: 3/8
   501 | D:3      | Found a sparkling altar of Nemelex Xobeh.
   608 | D:5      | Entered Level 5 of the Dungeon
   674 | D:5      | Reached XP level 4. HP: 33/33 MP: 4/10
   680 | D:5      | Learned a level 4 spell: Sticky Flame
   685 | D:5      | Noticed an ogre
   686 | D:5      | Noticed a sky beast
   696 | D:5      | Killed an ogre
   696 | D:5      | Reached XP level 5. HP: 16/38 MP: 1/12
   720 | D:5      | Noticed jimeh's ghost (amateur TrMo)
   733 | D:5      | Found Juluzeon's Food Emporium.
   761 | D:7      | Noticed an orc warrior
   837 | D:6      | Noticed a slave
   909 | D:6      | Noticed Dowan
   910 | D:6      | Noticed Duvessa
  1066 | D:5      | Noticed an ogre
  1078 | D:5      | Reached skill level 4 in Fire Magic
  1106 | D:4      | Found a staircase to the Ecumenical Temple.
  1122 | D:4      | Slain by a bullfrog skeleton

Vault maps used:
D:1:      lightli_molten_gateway, minmay_tree_intersection
D:2:      nicolae_overflow_hidden_temple, overflow_temple_1_default,
          gammafunk_temple_overflow_elements
D:3:      cheibrodos_ashenzari_chains, serial_forest,
          infiniplex_forest_lined_4_way, infiniplex_forest_clump_long,
          infiniplex_forest_end_double, infiniplex_forest_straight_4,
          infiniplex_forest_lined_3_way, infiniplex_forest_pool,
          infiniplex_forest_lined_4_way, infiniplex_forest_clump_curved,
          nemelex_lonely_heart_becter
D:4:      first_bread, kennysheep_generic_room_3, uniq_crazy_yiuf_cottage
D:5:      corexii_shantytown, serial_shops, shop_fountains
D:6:      nicolae_dithmenos_the_darkroom, nicolae_tso_carved_into_rock,
          uniq_pikel, uniq_duvessa
D:7:      old_standard_altar, old_standard_altar, serial_shops,
          nicolae_shop_waterfront, uniq_joseph

Skill      XL: |  1  2  3  4  5 |
---------------+----------------+-----
Conjurations   | 1 2 3 |  3.0
Dodging        | 2 |  2.0
Spellcasting   | 2 3 |  3.1
Fire Magic     | 3 4 |  4.1
Stealth        | |  1.7

Action                   |  1- 3 |  4- 6 || total
-------------------------+-------+-------++-------
Melee: Whip              |     8 |       ||     8
       Falchion          |       |    13 ||    13
Throw: Javelin           |       |     2 ||     2
 Cast: Flame Tongue      |    40 |    18 ||    58
       Sticky Flame      |       |     4 ||     4
  Use: Scroll            |       |     9 ||     9
       Potion            |       |     2 ||     2
  Eat: Fruit             |       |     1 ||     1
       Chunk             |       |     1 ||     1
Armor: Robe              |     8 |    18 ||    26
Dodge: Dodged            |    15 |    35 ||    50
       Rpst.: Falchion   |       |     8 ||     8
